Map: Anbeginn LE

Players

Furaijin

  • Race: Terran Terran
  • Spawn Location: 1:00

Drake - Winner!

  • Race: Zerg Zerg
  • League: Diamond
  • Spawn Location: 11:00

VOD

Have the link to the VOD?

Description

Time

  • Played on: April 10, 2019, 9:14 p.m.
  • Length: 11:25
Show
View Real Time Build Order
Export as new Build Order

Furaijin Terran 

Build Orders: Mech 

Get SALT Encoding   

  12  0:00  SCV  
  13  0:13  SCV  
  14  0:19  Supply Depot  
  14  0:25  SCV  
  15  0:41  SCV  
  16  0:42  Barracks  
  16  0:53  Supply Depot, SCV  
  17  1:05  SCV  
  17  1:09  Refinery  
  18  1:36  Marine  
  18  1:37  Bunker  
  20  1:40  SCV  
  20  1:52  SCV  
  20  1:54  Marine  
  22  2:11  Marine  
  23  2:17  Orbital Command  
  23  2:29  Marine  
  24  2:43  Command Center  
  24  2:47  Refinery  
  24  2:49  SCV  
  25  2:53  Reaper  
  26  3:01  SCV  
  27  3:09  Factory  
  27  3:13  SCV  
  28  3:25  SCV  
  29  3:27  Supply Depot  
  29  3:31  Barracks Reactor  
  29  3:37  SCV  
  30  3:43  Factory  
  30  3:49  SCV  
  31  3:57  SCV  
  31  4:01  Supply Depot  
  31  4:02  Supply Depot, SCV  
  33  4:09  SCV  
  34  4:13  Bunker  
  34  4:20  Supply Depot  
  34  4:22  Factory Tech Lab  
  34  4:32  Factory Tech Lab  
  32  5:02  SCV x2  
  32  5:04  Barracks Tech Lab  
  32  5:06  Siege Tank  
  37  5:08  Hellion x2  
  37  5:14  SCV  
  43  5:23  Orbital Command  
  43  5:26  SCV, Refinery  
  43  5:27  Refinery  
  43  5:35  Factory  
  43  5:38  Siege Tank, SCV  
  43  5:41  Marauder  
  49  5:52  SCV x2  
  51  5:58  Hellion x2  
  55  6:05  Marine  
  55  6:10  Siege Tank  
  59  6:11  SCV x2  
  61  6:23  SCV x2  
  61  6:24  Starport  
  63  6:28  Engineering Bay  
  63  6:41  Armory  
  63  6:49  Siege Tank  
  63  6:51  Factory Reactor, Armory  
  66  6:54  Factory Tech Lab  
  66  6:56  Hellion x2  
  66  7:00  SCV x2  
  72  7:12  SCV  
  72  7:13  SCV  
  72  7:14  Siege Tank  
  77  7:25  Siege Tank, Hellion x2, SCV x2  
  87  7:37  Supply Depot, SCV  
  87  7:38  Supply Depot  
  87  7:39  Supply Depot x3  
  87  7:41  Terran Vehicle Weapons Level 1  
  87  7:43  Terran Vehicle And Ship Armor Level 1  
  87  7:47  Missile Turret  
  87  7:50  Missile Turret  
  87  7:53  Missile Turret x2  
  87  7:58  Missile Turret  
  66  8:41  Siege Tank x2  
  66  8:42  Hellion x2  
  76  8:51  Starport Tech Lab  
  76  8:53  Factory  
  76  8:54  Factory  
  76  9:14  Siege Tank x2  
  76  9:15  Hellion x2  
  71  9:56  Siege Tank x2  
  71  9:58  Factory Tech Lab x2  
  75  10:00  Hellion x2  
  70  10:28  Siege Tank x2  
  73  10:31  Viking  
  75  10:36  Thor x2  
  75  10:38  Hellion x2  
  81  10:59  Hellion x2  
Show
View Real Time Build Order
Export as new Build Order

Drake Zerg - Winner!

Build Orders: Hatch First 

Get SALT Encoding   

  12  0:10  Drone x2  
  14  0:18  Overlord  
  14  0:49  Drone  
  15  0:52  Drone  
  15  0:56  Drone  
  17  1:00  Hatchery  
  17  1:03  Drone  
  17  1:17  Spawning Pool  
  16  1:20  Drone  
  16  1:23  Drone  
  18  1:35  Extractor  
  18  1:38  Drone  
  18  1:44  Drone  
  20  2:15  Hatchery, Drone x3  
  20  2:19  Roach Warren  
  21  2:28  Overlord  
  21  2:43  Overlord  
  21  2:46  Queen  
  23  3:12  Zergling x6  
  26  3:13  Metabolic Boost  
  26  3:23  Hatchery  
  25  3:29  Queen  
  25  3:31  Drone  
  25  3:32  Drone  
  31  3:39  Roach  
  31  3:40  Roach  
  33  3:42  Lair  
  33  3:52  Roach x2  
  37  4:08  Roach x2  
  37  4:09  Overlord  
  41  4:11  Zergling x6  
  44  4:23  Overlord  
  40  4:43  Roach x3  
  46  4:46  Drone x4  
  46  4:47  Queen  
  46  4:52  Overlord  
  52  4:57  Drone  
  52  4:58  Drone  
  54  5:00  Drone  
  54  5:04  Drone  
  56  5:09  Drone x2  
  56  5:12  Ravager  
  59  5:15  Drone x2  
  61  5:22  Queen  
  61  5:27  Queen  
  65  5:29  Drone  
  65  5:34  Overlord  
  66  5:49  Drone  
  67  5:50  Drone x7  
  67  5:55  Overlord  
  74  6:13  Roach  
  74  6:14  Roach x6  
  88  6:19  Overlord x2  
  88  6:44  Glial Reconstitution  
  88  6:46  Hatchery  
  87  6:53  Drone  
  88  6:55  Drone  
  88  6:56  Drone x7  
  88  6:58  Zergling x4  
  88  6:59  Zergling x6  
  100  7:13  Drone, Extractor  
  100  7:14  Drone  
  100  7:15  Extractor  
  100  7:16  Overlord x2  
  100  7:22  Overlord  
  100  7:29  Extractor  
  99  7:30  Drone  
  99  7:31  Drone  
  99  7:32  Extractor  
  99  7:34  Drone x2  
  99  7:35  Drone x3  
  99  7:36  Overlord, Drone  
  106  7:38  Queen  
  106  7:42  Ravager x2  
  110  7:44  Overlord  
  110  8:07  Overseer  
  110  8:10  Ravager  
  113  8:12  Roach  
  84  8:39  Roach  
  84  8:40  Roach x7  
  90  8:42  Zergling x2  
  90  8:43  Zergling x20  
  101  8:51  Extractor, Drone  
  101  8:57  Roach x3  
  101  8:58  Ravager  
  108  9:23  Ravager  
  108  9:24  Ravager  
  110  9:25  Ravager  
  110  9:26  Overlord x2  
  110  9:29  Drone x3  
  114  9:32  Overlord x2, Drone x3  
  114  9:37  Drone  
  114  9:38  Drone x2  
  113  9:51  Roach  
  113  9:52  Roach x8  
  101  10:15  Roach  
  101  10:16  Roach x14  
  112  10:30  Roach x4  
  112  10:35  Ravager x2  
  121  10:36  Ravager  
  121  10:47  Ravager  
  114  11:04  Roach x12  
  114  11:05  Roach, Ravager  
  140  11:11  Drone  
  140  11:12  Drone x9  
  140  11:15  Extractor  
  140  11:17  Extractor  
Tags
 
Composition
Mech
League
Diamond
Matchup
TvZ
Spawn Locations
Close Positions
Add a new tag
Caveats
  • Supply blocks, unpowered buildings, or Contaminate may cause inaccurate times.
  • Supply counts are checked every 10 seconds.